 Dungeon Crawl Stone Soup version 0.29-a0-541-gaf1fc19f1b (webtiles) character file.

Game seed: 3658500338941481269

199 Morbidden the Conjurer (level 5, -1/37 HPs)
             Began as a Demonspawn Conjurer on June 2, 2022.
             Killed from afar by an orc wizard (7 damage)
             ... with a magic dart
             ... on level 3 of the Dungeon.
             The game lasted 00:03:45 (3328 turns).

Morbidden the Conjurer (Demonspawn Conjurer)        Turns: 3328, Time: 00:03:46

Health: -1/37      AC:  2    Str:  7    XL:     5   Next: 48%
Magic:  2/9        EV: 12    Int: 22    God:
Gold:   98         SH:  0    Dex: 13    Spells: 2/9 levels left

rFire   . . .      SeeInvis .   a - +0 short sword
rCold   . . .      Faith    .   (no shield)
rNeg    . . .      Spirit   .   g - +0 robe
rPois   .          Reflect  .   (helmet restricted)
rElec   .          Harm     .   (no cloak)
rCorr   .          Rampage  .   (no gloves)
Will    .....                   (no boots)
Stlth   +++.......              (no amulet)
HPRegen 0.12/turn               (no ring)
MPRegen 0.11/turn               (no ring)

@: no status effects
A: antennae 1, thin skeletal structure 1
a: no special abilities


You were on level 3 of the Dungeon.
You visited 1 branch of the dungeon, and saw 3 of its levels.

You collected 98 gold pieces.

Inventory:

Hand Weapons
 a - a +0 short sword (weapon)
Armour
 g - a +0 robe (worn)
 l - a +0 cloak
Magical Staves
 b - a staff of conjuration
Wands
 m - a wand of polymorph (11)
 p - a wand of charming (12)
Scrolls
 c - a scroll of enchant weapon {unknown}
 d - a scroll of teleportation {unknown}
 f - a scroll of identify {unknown}
 h - a scroll of amnesia {unknown}
 n - a scroll of summoning {unknown}
 o - a scroll of fear {unknown}
Potions
 e - 3 potions of curing {unknown}
 i - a potion of brilliance {unknown}
 j - a potion of flight {unknown}
 k - a potion of magic


   Skills:
 * Level 1.2 Fighting
 * Level 1.4 Short Blades
 * Level 2.4 Dodging
 + Level 1.9 Stealth
 + Level 0.3 Unarmed Combat
 * Level 2.7 Spellcasting
 * Level 5.4 Conjurations
 * Level 0.1 Translocations


You had 2 spell levels left.
You knew the following spells:

 Your Spells              Type           Power      Damage    Failure   Level
a - Magic Dart            Conj           100%       1d8       1%          1
b - Searing Ray           Conj           52%        2d6       1%          2
c - Iskenderun's Mystic   Conj/Tloc      15%        2d5       38%         4

Your spell library contained the following spells:

 Spells                   Type           Power      Damage    Failure   Level
 Dazzling Flash           Conj/Hex       28%        N/A       13%         3
 Ozocubu's Armour         Ice            2%         N/A       36%         3
 Fulminant Prism          Conj/Hex       7%         3d7       38%         4
 Ozocubu's Refrigeration  Ice            1%         4d5       100%        7


Dungeon Overview and Level Annotations

Branches:
Dungeon (3/15)

Altars:
Ru


Innate Abilities, Weirdness & Mutations

You have a pair of small antennae on your head.
You have a somewhat thin skeletal structure. (Dex +2, Stealth+)


Message History

The orc wizard is moderately wounded.
The orc wizard hits you with a +0 dagger.
You hit the orc wizard but do no damage.
The orc wizard is moderately wounded.
The orc wizard hits you with a +0 dagger. x2
Unknown command.
Unknown command.
a - a +0 short sword (weapon)
Unknown command.
You hit the orc wizard.
The orc wizard is moderately wounded.
The orc wizard points at you and mumbles some strange words.
You are confused.
You bump into the rock wall.
The orc wizard closely misses you.
You bump into the rock wall.
The orc wizard barely misses you.
You're too confused to move!
The orc wizard points at you and mumbles some strange words.
The magic dart hits you.
You bump into the rock wall.
The orc wizard casts a spell.
The orc wizard flickers and vanishes!
Deactivating autopickup; reactivate with Ctrl-A.
You bump into the rock wall.
Something hits you.
You hit something.
You feel less confused. Something hits you.
You closely miss something. Something hits you.
You closely miss something.
You hear some strange, mumbled words.
A magic dart appears from out of thin air!
The magic dart hits you.
* * * LOW HITPOINT WARNING * * *
You hit something. Something hits you but does no damage.
You hit something but do no damage. Something hits you.
* * * LOW HITPOINT WARNING * * *
You barely miss something.
You hear some strange, mumbled words.
A magic dart appears from out of thin air!
The magic dart hits you!
You die...

# ...
###################.....
................@{))!...
.##################.....
.# #####.# ...
.####.....## #
..)...###..# .######
##.# .# #.# # .# #.## ..
.## #..##.....


There were no monsters in sight!

Vanquished Creatures
  Natasha (thrice) (D:3)
  An orc wizard (D:3)
  3 adders (D:2)
  2 worms
  2 dart slugs
  8 orcs (D:3)
  5 ball pythons
  6 endoplasms
  A giant cockroach (D:3)
  2 goblins
  7 hobgoblins
  3 jackals
  3 quokkas
  2 bats
  2 frilled lizards (D:3)
  4 kobolds
  5 rats
59 creatures vanquished.

Notes
Turn   | Place    | Note
-------+----------+-------------------------------------------
     0 | D:1      | Morbidden the Demonspawn Conjurer began the quest for the
                  | Orb.
     0 | D:1      | Reached XP level 1. HP: 13/13 MP: 3/3
   584 | D:1      | Gained mutation: You have a somewhat thin skeletal
                  | structure. (Dex +2, Stealth+) [demonic ancestry]
   584 | D:1      | Reached XP level 2. HP: 20/20 MP: 3/5
  1274 | D:2      | Reached XP level 3. HP: 18/25 MP: 2/6
  1488 | D:1      | Learned a level 2 spell: Searing Ray
  1573 | D:2      | Identified the +1 robe of the Bedazzling Gods {rC+ Dex+2}
  1577 | D:2      | Reached skill level 5 in Conjurations
  2406 | D:3      | Gained mutation: You have a pair of small antennae on your
                  | head. [demonic ancestry]
  2406 | D:3      | Reached XP level 4. HP: 31/31 MP: 4/7
  2542 | D:3      | Noticed Natasha
  2547 | D:3      | Killed Natasha
  2548 | D:3      | Reached skill level 1 in Short Blades
  2570 | D:3      | Noticed Natasha
  2573 | D:3      | Killed Natasha
  2594 | D:3      | Noticed Natasha
  2604 | D:3      | Killed Natasha
  2605 | D:3      | Reached XP level 5. HP: 18/36 MP: 1/8
  2979 | D:3      | Reached skill level 1 in Fighting
  3157 | D:3      | Found a sacrificial altar of Ru.
  3200 | D:3      | Learned a level 4 spell: Iskenderun's Mystic Blast
  3328 | D:3      | Killed from afar by an orc wizard

Illustrated notes

Levels and vault maps discovered:
D:1:      noname_arrival_rooms_in_the_neighbourhood, layout_basic,
          grunt_decor_cap, grunt_decor_resistance, item_on_display_a
D:2:      layout_rooms
D:3:      layout_rooms, nicolae_ru_sacrificial_ziggurat,
          chequers_temple_overflow_minitemple, uniq_natasha

Skill      XL: |  1  2  3  4  5 |
---------------+----------------+-----
Dodging        | 2 |  2.4
Conjurations   | 5 |  5.4
Short Blades   | 1 |  1.4
Fighting       | 1 |  1.2
Stealth        | |  1.9
Unarmed Combat | |  0.3
Spellcasting   | |  2.7
Translocations | |  0.1

Action                   |  1- 3 |  4- 6 || total
-------------------------+-------+-------++-------
Melee: Unarmed           |    18 |       ||    18
       Short sword       |    18 |     7 ||    25
       Staff             |       |    20 ||    20
 Cast: Magic Dart        |    66 |    63 ||   129
       Searing Ray       |     1 |       ||     1
Armor: Robe              |    13 |     3 ||    16
Dodge: Dodged            |    54 |    14 ||    68

Table legend: (Time is in decaauts)
 A = Elapsed time spent in this place.
 B = Non-inter-level travel time spent in this place.
 C = Inter-level travel time spent in this place.
 D = Time resting spent in this place.
 E = Time spent auto-exploring this place.
 F = Levels seen in this place.
 G = Mean time per level.
                   A        B        C        D        E       F      G
               +--------+--------+--------+--------+--------+-----+--------+
         Total |   3342 |   3191 |    151 |    493 |   2285 |   3 | 1114.0 |
       Dungeon |   3342 |   3191 |    151 |    493 |   2285 |   3 | 1114.0 |
               +--------+--------+--------+--------+--------+-----+--------+

Top non-repeatable levels by time:
     D:1: 1473 daAuts
     D:3: 941 daAuts
     D:2: 927 daAuts
